 Dungeon Crawl Stone Soup version 0.28.0-55-gcd9437bce4 (webtiles) character file.

Game seed: 17570805541675874379

660 jjjjhere the Cudgeller (level 7, 0/49 HPs)
             Began as a Formicid Artificer on Dec 3, 2022.
             Was a Priest of Nemelex Xobeh.
             Slain by a swamp drake (9 damage)
             ... on level 5 of the Dungeon.
             The game lasted 00:06:42 (5495 turns).

jjjjhere the Cudgeller (Formicid Artificer)         Turns: 5495, Time: 00:06:43

Health: 0/49       AC: 12    Str: 16 (19) XL:     7   Next: 86%
Magic:  9/9        EV:  4    Int:  9 (10) God:    Nemelex Xobeh [***...]
Gold:   230        SH:  0    Dex:  8 (11) Spells: 6/6 levels left

rFire   . . .      SeeInvis +   i - +1 whip (venom)
rCold   . . .      Faith    .   (no shield)
rNeg    + . .      Spirit   .   I - +0 plate armour
rPois   .          Reflect  .   (helmet unavailable)
rElec   .          Harm     .   (no cloak)
rCorr   .          Rampage  .   (no gloves)
Will    .....                   E - +0 pair of boots
Stlth   ..........              (no amulet)
HPRegen 0.16/turn               p - ring of positive energy
MPRegen 0.11/turn               (no ring)

@: confused, lethally poisoned (0 -> -1)
A: permanent stasis, dig shafts and tunnels, antennae 3, four strong arms
a: Dig, Shaft Self, Renounce Religion, Draw Escape, Draw Destruction, Draw
Summoning, Triple Draw


You were on level 5 of the Dungeon.
You worshipped Nemelex Xobeh.
Nemelex Xobeh was most pleased with you.
You visited 1 branch of the dungeon, and saw 5 of its levels.

You collected 230 gold pieces.

Inventory:

Hand Weapons
 a - a +0 club
 h - a +0 mace
 i - a +1 whip of venom (weapon)
 n - a +2 antimagic flail
Missiles
 f - 5 poisoned darts
 j - 4 silver javelins
Armour
 b - a +0 leather armour
 k - a +0 ring mail
 E - a +0 pair of boots (worn)
 I - a +0 plate armour (worn)
Jewellery
 p - a ring of positive energy (left hand)
 A - an amulet of faith
Wands
 c - a wand of flame (14) (quivered)
 d - a wand of charming (15)
 s - a wand of iceblast (5)
 y - a wand of polymorph (12)
Scrolls
 q - 2 scrolls of teleportation {unknown}
 u - a scroll of enchant armour {unknown}
 w - 2 scrolls of magic mapping {unknown}
 x - 2 scrolls of identify {unknown}
 z - a scroll of enchant weapon {unknown}
 B - a scroll of noise {unknown}
 C - a scroll of fog {unknown}
 D - a scroll of amnesia {unknown}
Potions
 g - a potion of degeneration
 l - 2 potions of berserk rage {unknown}
 m - a potion of heal wounds {unknown}
 o - a potion of resistance {unknown}
 r - a potion of curing {unknown}
 t - a potion of flight {unknown}
 v - 2 potions of mutation {unknown}
 F - a potion of ambrosia {unknown}
 G - a potion of cancellation {unknown}
 H - a potion of invisibility {unknown}
Miscellaneous
 e - a piece from Xom's chessboard (15/15)


   Skills:
 - Level 1.9 Fighting
 + Level 7.0 Maces & Flails
 - Level 2.1 Armour
 - Level 0.8 Dodging
 - Level 1.2 Stealth
 + Level 3.5 Invocations
 - Level 3.2 Evocations


You had 6 spell levels left.
You didn't know any spells.
Your spell library contained the following spells:

 Spells                   Type           Power      Damage    Failure   Level
 Sublimation of Blood     Necr           0%         N/A       100%        2
 Petrify                  Tmut/Erth      0%         N/A       100%        4
 Irradiate                Conj/Tmut      0%         3d13      100%        5


Dungeon Overview and Level Annotations

Branches:
Dungeon (5/15)
 Temple: D:4-7

Altars:
Ashenzari
Hepliaklqana
Nemelex Xobeh
Wu Jian
The Shining One


Innate Abilities, Weirdness & Mutations

You cannot be hasted, slowed, berserked, paralysed or teleported.
You can dig through walls and to a lower floor.
You have a pair of large antennae on your head. (SInv)
Your four strong arms can wield two-handed weapons with a shield.


Message History

The swamp drake bites you but does no damage.
You nearly stumble into some deep water!
You feel sick. The swamp drake breathes poison at you.
The noxious blast engulfs you but does no damage.
You are more poisoned.
You nearly stumble into some deep water!
You are engulfed in noxious fumes.
You choke on the stench!
You are more confused.
You feel sick.
The swamp drake bites you but does no damage.
You feel sick.
You feel sick.
Your orb of destruction hits a tree.
The dart slug barely misses you.
The swamp drake bites you but does no damage.
You feel less confused.
You feel sick.
You are no longer poisoned.
The swamp drake bites you but does no damage.
The swamp drake breathes poison at you.
The noxious blast engulfs you but does no damage.
You are poisoned.
You draw a card...
You have drawn the Cloud.
Clouds appear around you!
You are engulfed in noxious fumes.
You choke on the stench!
You are confused.
You feel sick.
The dart slug seems to return to its normal shape.
The dart slug launches a dart at you. The slug dart hits you.
* * * LOW HITPOINT WARNING * * *
It was a potion of degeneration.
There was something very wrong with that liquid.
You feel weakened.
You feel dopey.
You feel clumsy.
You are engulfed in noxious fumes.
You choke on the stench!
You are more confused.
You feel sick.
The swamp drake seems to return to its normal shape.
The swamp drake bites you!
You die...
Your body glows slightly and disappears.

.........#...♣...♣...♣....##
..........≈.≈.≈.≈.≈.≈.≈.≈..#
..#......#.♣...♣...♣...♣....
..###..###≈.≈○≈.≈.≈.≈.≈.≈...
..# #.####...♣...♣...♣...###
.## #...#.≈.≈.≈§§§§.≈.○.≈#
.# ##.....♣...♣w§§♣..○♣.# .#
##...≈.≈.≈°k°°°○○≈.≈# .#
#......♣.°@♣...♣... ...
#...≈.≈.≈°°°≈.≈.≈.≈ .#..
#....♣...♣°..♣...♣. .....
......≈.≈.≈.≈.≈.≈.#
...#.......###.##..###
.##.......# .# .## .... .. #
.... ##


You could see a swamp drake (catching breath) and a dart slug.

Vanquished Creatures
  2 black bears (D:4)
  A scorpion (D:5)
  A killer bee (D:5)
  A howler monkey (D:4)
  A hound (D:5)
  An orc wizard (D:4)
  2 scorpion zombies (D:5)
  A hound skeleton (D:4)
  4 gnolls
  6 adders
  A river rat (D:5)
  A shadow imp (D:5)
  A worm (D:2)
  4 dart slugs
  4 orcs
  10 ball pythons
  3 endoplasms
  5 giant cockroaches
  3 goblins
  9 hobgoblins
  3 jackals
  5 quokkas
  4 bats
  4 frilled lizards
  7 kobolds
  4 rats
88 creatures vanquished.

Vanquished Creatures (others)
  An orc wizard (D:4)
  A bat (D:5)
2 creatures vanquished.

Grand Total: 90 creatures vanquished

Notes
Turn   | Place    | Note
-------+----------+-------------------------------------------
     0 | D:1      | jjjjhere the Formicid Artificer began the quest for the
                  | Orb.
     0 | D:1      | Reached XP level 1. HP: 15/15 MP: 1/1
   283 | D:1      | Reached XP level 2. HP: 14/22 MP: 2/2
   291 | D:1      | Reached skill level 1 in Maces & Flails
   628 | D:1      | Reached skill level 2 in Maces & Flails
   628 | D:1      | Reached XP level 3. HP: 25/27 MP: 1/3
   709 | D:1      | Found a faded altar of an unknown god.
   839 | D:1      | Prayed at the altar of an unknown god.
   839 | D:1      | Became a worshipper of Nemelex Xobeh the Trickster
   839 | D:1      | Reached * piety under Nemelex Xobeh
   839 | D:1      | Received a gift from Nemelex Xobeh
  1308 | D:2      | HP: 8/27 [poisoned by a kobold]
  1313 | D:2      | HP: 3/27 [poisoned by a kobold]
  1674 | D:2      | Reached XP level 4. HP: 32/33 MP: 4/4
  1699 | D:2      | Reached skill level 3 in Maces & Flails
  1789 | D:2      | Received a gift from Nemelex Xobeh
  2367 | D:2      | Reached XP level 5. HP: 18/38 MP: 5/5
  2566 | D:2      | Reached skill level 4 in Maces & Flails
  2619 | D:2      | Reached ** piety under Nemelex Xobeh
  3071 | D:3      | Found a hazy altar of Hepliaklqana.
  3074 | D:3      | Found a glowing golden altar of the Shining One.
  3288 | D:3      | Received a gift from Nemelex Xobeh
  3489 | D:3      | Found an ornate altar of the Wu Jian Council.
  3519 | D:3      | Found a broken altar of Ashenzari.
  3941 | D:4      | Reached skill level 5 in Maces & Flails
  3941 | D:4      | Reached XP level 6. HP: 28/43 MP: 6/6
  4077 | D:4      | Noticed a black bear
  4106 | D:4      | Killed a black bear
  4146 | D:4      | Found a sparkling altar of Nemelex Xobeh.
  4160 | D:4      | Noticed Robin
  4166 | D:4      | Noticed Robin
  4166 | D:4      | Robin changed into Robin the bat
  4172 | D:4      | Killed Robin the bat
  4441 | D:4      | Reached skill level 6 in Maces & Flails
  4776 | D:5      | Entered Level 5 of the Dungeon
  4778 | D:5      | Received a gift from Nemelex Xobeh
  4833 | D:5      | Reached skill level 1 in Invocations
  4833 | D:5      | Reached XP level 7. HP: 49/49 MP: 7/7
  4952 | D:5      | Reached *** piety under Nemelex Xobeh
  5362 | D:5      | Noticed Prince Ribbit
  5459 | D:5      | Noticed Ijyb
  5462 | D:5      | Noticed Ijyb
  5462 | D:5      | Ijyb changed into Ijyb the killer bee
  5474 | D:5      | Killed Ijyb the killer bee
  5475 | D:5      | Reached skill level 7 in Maces & Flails
  5487 | D:5      | HP: 16/49 [poisoned by a swamp drake (noxious blast)]
  5492 | D:5      | HP: 12/49 [poisoned by a swamp drake (noxious blast)]
  5495 | D:5      | Slain by a swamp drake

Illustrated notes

Levels and vault maps discovered:
D:1:      zaba_arrival_water, layout_rooms,
          shapermc_ecumenical_altar_starsandcircs
D:2:      layout_loops_ring, serial_co_window_serial,
          co_window_of_opportunity_a, co_window_corner_a, co_window_paths_a,
          co_window_corner_a, co_window_paths_b, co_window_corner_b,
          co_window_broadway_a, co_window_of_opportunity_c, co_window_corner_b,
          co_window_broadway_b, co_window_4corner_b, co_window_paths_d,
          glass_columns_c, glass_columns_c, glass_columns_a, glass_columns_a,
          glass_columns_c, serial_bayou_crossing
D:3:      layout_basic, nicolae_overflow_squiral, mainiacjoe_overflow_two_lobes,
          serial_park_tiny_pond
D:4:      layout_rooms, nicolae_overflow_crystal_walls, minivault_5, uniq_robin
D:5:      layout_cave_pools, kennysheep_crisscross, skrybe_limestone_x,
          uniq_ijyb, uniq_prince_ribbit1

Skill      XL: |  1  2  3  4  5  6  7 |
---------------+----------------------+-----
Maces & Flails | 2 3 5 6 7 |  7.0
Invocations    | 1 3 |  3.5
Fighting       | |  1.9
Armour         | |  2.1
Dodging        | |  0.8
Stealth        | |  1.2
Evocations     | |  3.2

Action                   |  1- 3 |  4- 6 |  7- 9 || total
-------------------------+-------+-------+-------++-------
Melee: Club              |    21 |       |       ||    21
       Whip              |    58 |   177 |    64 ||   299
       Punch             |       |     2 |     1 ||     3
Invok: Draw Destruction  |       |     4 |     5 ||     9
       Draw Escape       |       |       |     1 ||     1
 Abil: Dig               |       |     1 |       ||     1
Evoke: Wand              |     1 |       |       ||     1
       Piece from Xom's  |       |     4 |       ||     4
  Use: Potion            |       |       |     1 ||     1
 Stab: Sleeping          |     1 |       |       ||     1
Armor: Leather armour    |     7 |       |       ||     7
       Ring mail         |    18 |    55 |    25 ||    98
       Plate armour      |       |       |    19 ||    19
Dodge: Dodged            |    42 |    77 |    35 ||   154
